Description

Quick destruction to Terran

Build Order

Get SALT Encoding   

  13  0:02  Drone  
  14  0:09  Drone  
  14  0:18  Overlord  
  15  0:36  Drone x2  
  17  0:37  Drone  
  16  0:51  Hatchery  
  17  0:56  Drone  
  18  0:59  Drone  
  17  1:04  Extractor  
  16  1:13  Spawning Pool  
  17  1:16  Drone  
  18  1:20  Drone  
  19  1:32  Drone  
  19  1:43  Overlord  
  21  1:59  Queen  
  22  2:00  Zergling x3  
  24  2:04  Queen, Zergling x2  
  25  2:05  Metabolic Boost  
  26  2:06  Zergling x2  
  27  2:14  Drone  
  28  2:15  Drone  
  28  2:25  Overlord  
  29  2:27  Drone  
  31  2:35  Queen  
  32  2:36  Drone  
  33  2:38  Drone  
  32  2:45  Extractor  
  31  2:46  Roach Warren  
  32  2:50  Drone x2  
  33  2:58  Overlord  
  33  3:03  Overlord  
  37  3:25  Roach x3  
Spawning Tool Build Advisor. Get it on Overwolf

Go to:

Details

  • Created by: sackzii
  • Published on: Jan 31, 2017
  • Modified on: Jan 31, 2017
  • Patch: 3.8.0
Show
View Real Time Build Order
Export as new Build Order

Comments (0)

There are no comments. Be the first!

Create an account to comment!